 Dungeon Crawl Stone Soup version 0.24.1 (webtiles) character file.

Game seed: 2002675846167155343, levelgen mode: deterministic

386149 Peloso the Hoplite (level 22, -4/209 HPs)
             Began as a Minotaur Fighter on Apr 5, 2020.
             Was the Champion of Okawaru.
             Slain by a vault warden
             ... wielding a +0 long sword
              (7 damage)
             ... while paralysed by a great orb of eyes
             ... on level 4 of the Vaults on Apr 6, 2020.
             The game lasted 02:55:41 (52797 turns).

Peloso the Hoplite (Minotaur Fighter)              Turns: 52797, Time: 02:55:42

Health: -4/209     AC: 26    Str: 41    XL:     22   Next: 0%
Magic:  23/24      EV:  2    Int: 13    God:    Okawaru [******]
Gold:   3980       SH:  0    Dex: 22    Spells: 21/21 levels left

rFire    + + .     SeeInvis .   a - +11 scimitar of the Final Decision {freeze, Str+3}
rCold    + . .     Gourm    .   c - +0 shield
rNeg     + + +     Faith    .   L - +7 fire dragon scales of the True Pharaoh {rElec rF++ rC- rN+ Int+4}
rPois    +         Spirit   .   P - +1 hat of Negation {rPois Str+5 Int+4}
rElec    +         Reflect  +   m - scarf {cloud immunity}
rCorr    .         Harm     .   Q - +0 pair of gloves {Dex+3}
MR       ++...                  u - +2 pair of boots "Poweskynib" {rC++ Str+2}
Stlth    ++++......             F - +3 amulet of reflection
HPRegen  0.44/turn              D - ring "Wimn" {rN++ Str+4 Dex+5 Stlth+}
MPRegen  0.19/turn              r - ring of protection from magic

@: paralysed, heroism, marked
A: retaliatory headbutt, horns 2, deformed body
}: 2/15 runes: decaying, gossamer
a: Heroism, Finesse, Renounce Religion


You were on level 4 of the Vaults.
You worshipped Okawaru.
Okawaru was exalted by your worship.
You were hungry.

You visited 7 branches of the dungeon, and saw 38 of its levels.
You also visited: Ice Cave and Desolation.

You collected 5687 gold pieces.
You spent 1707 gold pieces at shops.

Inventory:

Hand Weapons
 a - the +11 scimitar of the Final Decision (weapon) {freeze, Str+3}
   (Okawaru gifted it to you on level 9 of the Dungeon)

   It has been specially enchanted to freeze those struck by it, causing extra
   injury to most foes and up to half again as much damage against particularly
   susceptible opponents.
   It can also slow down cold-blooded creatures.
   It affects your strength (+3).
 b - the +11 scimitar "Myshurop" {drain, +Rage Dex+3 Stlth+}
   (You found it on level 4 of the Swamp)

   A truly terrible weapon, it drains the life of those it strikes.
   It affects your dexterity (+3).
   It lets you go berserk.
   It makes you more stealthy.
 o - a +3 scimitar of flaming
Armour
 c - a +0 shield (worn)
 e - a +1 crystal plate armour
 g - a +2 pair of boots of running
 h - the +4 pair of boots "Nemurim" {MR+ Str+3 Stlth-}
   (Okawaru gifted it to you on level 4 of the Spider Nest)

   It affects your strength (+3).
   It affects your resistance to hostile enchantments.
   It makes you less stealthy.
 m - a scarf of cloud immunity (worn)
 u - the +2 pair of boots "Poweskynib" (worn) {rC++ Str+2}
   (Okawaru gifted it to you on level 3 of the Vaults)

   It affects your strength (+2).
   It greatly protects you from cold.
 L - the +7 fire dragon scales of the True Pharaoh (worn) {rElec rF++ rC- rN+ Int+4}
   (You took it off Asterion on level 3 of the Elven Halls)

   It affects your intelligence (+4).
   It greatly protects you from fire.
   It makes you vulnerable to cold.
   It insulates you from electricity.
   It protects you from negative energy.
 P - the +1 hat of Negation (worn) {rPois Str+5 Int+4}
   (Okawaru gifted it to you on level 3 of the Swamp)

   It affects your strength (+5).
   It affects your intelligence (+4).
   It protects you from poison.
 Q - a +0 pair of gloves of dexterity (worn)
 Z - a +1 hat of magic resistance
Jewellery
 l - an uncursed ring of protection from fire
 q - the ring "Zoef" {*Slow rPois rF++ rN+ Dex+3}
   (You took it off a deep elf death mage on level 3 of the Elven Halls)

   [ring of dexterity]

   It affects your dexterity (+3).
   It greatly protects you from fire.
   It protects you from poison.
   It protects you from negative energy.
   It may slow you when you take damage.
 r - a ring of protection from magic (right hand)
 s - a +5 ring of intelligence
 w - an uncursed ring of protection from cold
 D - the ring "Wimn" (left hand) {rN++ Str+4 Dex+5 Stlth+}
   (You took it off Asterion on level 3 of the Elven Halls)

   [ring of strength]

   It affects your strength (+4).
   It affects your dexterity (+5).
   It greatly protects you from negative energy.
   It makes you more stealthy.
 F - a +3 amulet of reflection (around neck)
 U - an uncursed ring of see invisible
Wands
 j - a wand of acid (5)
 B - a wand of scattershot (5)
 X - a wand of flame (18)
Scrolls
 i - 8 scrolls of noise
 n - 20 scrolls of teleportation
 p - 18 scrolls of remove curse
 v - 8 scrolls of identify
 x - a scroll of amnesia
 y - 7 scrolls of magic mapping
 E - 4 scrolls of blinking
 O - 9 scrolls of fear
Potions
 d - 7 potions of might
 k - 8 potions of agility
 t - 7 potions of heal wounds
 A - 16 potions of curing
 C - 3 potions of berserk rage
 G - 4 potions of resistance
 H - 4 potions of haste
 I - a potion of brilliance
 K - 6 potions of flight
Miscellaneous
 z - a phantom mirror
Comestibles
 f - 63 rations
 J - 4 chunks of flesh


   Skills:
 + Level 20.2(25.2) Fighting
 + Level 21.4(26.4) Long Blades
   Level 3.4(8.4) Maces & Flails
 + Level 17.9(22.9) Armour
 + Level 7.4(12.4) Dodging
 + Level 3.2(8.2) Stealth
 + Level 26.9(27) Shields
 + Level 5.0 Invocations
 + Level 0.7 Evocations


You had 21 spell levels left.
You didn't know any spells.
Your spell library contained the following spells:

 Spells                   Type           Power        Failure   Level  Hunger
 Confusing Touch          Hex            #.....       41%         1    ##.....
 Corona                   Hex            #......      41%         1    ##.....
 Flame Tongue             Conj/Fire      #....        41%         1    ##.....
 Freeze                   Ice            #...         41%         1    ##.....
 Magic Dart               Conj           #...         41%         1    ##.....
 Shock                    Conj/Air       #...         41%         1    ##.....
 Sting                    Conj/Pois      #...         41%         1    ##.....
 Corpse Rot               Necr           N/A          54%         2    ###....
 Ensorcelled Hibernation  Hex/Ice        #.....       54%         2    ###....
 Poisonous Vapours        Pois/Air       #.....       54%         2    ###....
 Searing Ray              Conj           #.....       54%         2    ###....
 Slow                     Hex            #.......     54%         2    ###....
 Swiftness                Chrm/Air       #.......     54%         2    ###....
 Throw Flame              Conj/Fire      #.....       54%         2    ###....
 Throw Frost              Conj/Ice       #.....       54%         2    ###....
 Confuse                  Hex            #.......     78%         3    ####...
 Conjure Flame            Conj/Fire      #.......     78%         3    ####...
 Dazzling Spray           Conj/Hex       #.....       78%         3    ####...
 Gell's Gravitas          Tloc           #.........   78%         3    ####...
 Ignite Poison            Fire/Tmut/Pois #.......     78%         3    ####...
 Inner Flame              Hex/Fire       #.......     78%         3    ####...
 Mephitic Cloud           Conj/Pois/Air  #.......     78%         3    ####...
 Ozocubu's Armour         Chrm/Ice       #.......     78%         3    ####...
 Portal Projectile        Hex/Tloc       #.....       78%         3    ####...
 Recall                   Summ/Tloc      N/A          78%         3    ####...
 Static Discharge         Conj/Air       #.......     78%         3    ####...
 Stone Arrow              Conj/Erth      #.....       78%         3    ####...
 Summon Guardian Golem    Hex/Summ       #.......     78%         3    ####...
 Teleport Other           Tloc           #.......     78%         3    ####...
 Tukima's Dance           Hex            #.......     78%         3    ####...
 Airstrike                Air            #.........   99%         4    #####..
 Animate Dead             Necr           N/A          99%         4    #####..
 Cause Fear               Hex            #.........   99%         4    #####..
 Force Lance              Conj/Tloc      #.......     99%         4    #####..
 Fulminant Prism          Conj/Hex       #.........   99%         4    #####..
 Iskenderun's Mystic Bla  Conj           #.......     99%         4    #####..
 Leda's Liquefaction      Hex/Erth       #.........   99%         4    #####..
 Olgreb's Toxic Radiance  Pois           #.......     99%         4    #####..
 Petrify                  Tmut/Erth      #.......     99%         4    #####..
 Sticky Flame             Conj/Fire      #.......     99%         4    #####..
 Summon Ice Beast         Ice/Summ       #.......     99%         4    #####..
 Throw Icicle             Conj/Ice       #.......     99%         4    #####..
 Aura of Abjuration       Summ           #.........   100%        5    ######.
 Bolt of Magma            Conj/Fire/Erth #.........   100%        5    ######.
 Borgnjor's Vile Clutch   Necr/Erth      #.........   100%        5    ######.
 Fireball                 Conj/Fire      #.........   100%        5    ######.
 Iskenderun's Battlesphe  Conj/Chrm      #.......     100%        5    ######.
 Lightning Bolt           Conj/Air       #.........   100%        5    ######.
 Metabolic Englaciation   Hex/Ice        #.........   100%        5    ######.
 Silence                  Hex/Air        #.........   100%        5    ######.
 Summon Forest            Summ/Tloc      #.........   100%        5    ######.
 Venom Bolt               Conj/Pois      #.........   100%        5    ######.
 Yara's Violent Unravell  Hex/Tmut       #.........   100%        5    ######.
 Death Channel            Necr           #.........   100%        6    #######
 Deflect Missiles         Chrm/Air       #.........   100%        6    #######
 Freezing Cloud           Conj/Ice/Air   #.........   100%        6    #######
 Hydra Form               Tmut           #.........   100%        6    #######
 Iron Shot                Conj/Erth      #.........   100%        6    #######
 Poison Arrow             Conj/Pois      #.........   100%        6    #######
 Simulacrum               Ice/Necr       #.........   100%        6    #######
 Statue Form              Tmut/Erth      #........    100%        6    #######
 Malign Gateway           Summ/Tloc      #.........   100%        7    #######
 Ring of Flames           Chrm/Fire      #.........   100%        7    #######
 Summon Hydra             Summ           #.........   100%        7    #######
 Chain Lightning          Conj/Air       #.........   100%        8    #######
 Lehudib's Crystal Spear  Conj/Erth      #.........   100%        8    #######
 Fire Storm               Conj/Fire      #.........   100%        9    #######
 Glaciate                 Conj/Ice       #.........   100%        9    #######
 Shatter                  Erth           #.........   100%        9    #######


Dungeon Overview and Level Annotations

Branches:
Dungeon (15/15)            Temple (0/1) D:5            Lair (6/6) D:8
  Swamp (4/4) Lair:3       Spider (4/4) Lair:2        Slime (0/5) Lair:5
    Orc (2/2) D:9             Elf (3/3) Orc:2        Vaults (4/5) D:13
  Crypt (0/3) Vaults:3     Depths (0/5) D:15          IceCv (visited)
Desolation (visited)

Altars:
Ashenzari
Fedhas
Kikubaaqudgha
Makhleb
Okawaru
Sif Muna
Uskayaw
Vehumet
Wu Jian
Yredelemnul
Beogh
Jiyva

Shops:
D:6 [   D:7 [   D:12 }   D:14 !   Orc:2 ![}[   Vaults:2 ?

Annotations:
Elf:2 4 runed translucent doors


Innate Abilities, Weirdness & Mutations

You reflexively headbutt those who attack you in melee.
You have a pair of horns on your head.
Armour fits poorly on your strangely shaped body.


Message History

The vault warden hits you with a +0 long sword!
* * * LOW HITPOINT WARNING * * *
A yaktaur comes into view.
The great orb of eyes gazes at you. You resist with almost no effort.
The tengu reaver hits you with a +0 battleaxe of chopping.
* * * LOW HITPOINT WARNING * * *
x2 The tengu reaver pecks you but does no damage.
The tengu reaver claws you.
* * * LOW HITPOINT WARNING * * *
The vault warden hits you with a +0 long sword!
* * * LOW HITPOINT WARNING * * *
The tengu reaver hits you with a +0 battleaxe of chopping!
* * * LOW HITPOINT WARNING * * *
x2 The tengu reaver pecks you.
* * * LOW HITPOINT WARNING * * *
The tengu reaver claws you.
* * * LOW HITPOINT WARNING * * *
The vault warden hits you with a +0 long sword!
You die...

#...,,,* *,
#####'################
#####....c................
#...#.....................
#...#....c................
#...#.)..c................
#...#....c................
****#.).#..cQp################
*,,,#.)(#)..*@#***********
*,*,#..)+)..)t#,,,,,,,,,,*
****,,,#..(#ā€ ....#,,,,,,,,,,*
,,,*...+.(.#.....#,,,,,,,,,,*
,,,+...#...#.....#,,,,,,,,,,*
,,,*..,+...#.ā‰ˆ...#,,,,,,,,,,*
**
****.,,#...#.(Gā‰ˆ.#,,,,,,,,,,*
*, *,*,#...#.)...#,,,,,,,,,,*
*, *,,,#...#.....+...,,,,,,,*
*,


You could see a vault warden, a tengu reaver, a great orb of eyes, 5 yaktaurs, a
crocodile and a battlesphere.

Vanquished Creatures
  Boris (Vaults:3)
  the Lernaean hydra (Swamp:4)
  Frederick (Vaults:4)
  Bai Suzhen (Vaults:4)
  The ghost of Rili Hei the Executioner, a veteran MiBe of Trog (Elf:1)
  Arachne (Spider:2)
  Jorgrun (Elf:1)
  2 deep elf blademasters (Elf:3)
  Asterion (Elf:3)
  2 deep elf master archers (Elf:3)
  4 sphinxes
  The ghost of Curus the Tortoise, an adept MiBe of Trog (Swamp:3)
  2 thorn hunters
  A tengu reaver (Vaults:3)
  A shadow dragon (Elf:1)
  An imperial myrmidon (Desolation)
  Aizul (Swamp:4)
  7 deep elf sorcerers
  4 ghost moths (Spider:4)
  An iron dragon (Elf:1)
  An orc warlord (Elf:1)
  3 vault wardens
  6 deep elf elementalists
  8 emperor scorpions
  6 ironheart preservers
  5 ghouls
  A very ugly thing (Vaults:3)
  4 entropy weavers
  8 stone giants
  8 deep elf annihilators
  3 halazid warlocks (Desolation)
  A minotaur (Elf:1)
  3 deep elf demonologists
  A spark wasp (Spider:2)
  An ettin (Orc:1)
  10 deep elf death magi
  2 crystal guardians (Desolation)
  Snorg (Lair:4)
  7 ogre magi
  5 deep elf high priests
  The ghost of mmigdal the Caller, a journeyman TrWz (Lair:1)
  2 fire dragons
  5 servants of whispers (Desolation)
  5 great orbs of eyes
  Fannar (D:11)
  7 yaktaur captains
  3 ragged hierophants (Desolation)
  7 ice dragons
  4 ghost crabs
  2 rakshasas (Vaults:3)
  22 hydras
  2 shambling mangroves
  4 death knights
  9 centaur warriors
  4 peacekeepers (Desolation)
  A large abomination (Vaults:3)
  An anaconda (Lair:6)
  9 alligators
  16 dancing weapons
  A shock serpent (Elf:1)
  2 tengu warriors (D:15)
  14 two-headed ogres
  4 death yaks
  A deep troll shaman (Vaults:4)
  An orc high priest (Elf:1)
  A spriggan berserker (Swamp:3)
  A storm dragon zombie (Vaults:3)
  Urug (Lair:4)
  19 deep elf knights
  6 skeletal warriors
  A small abomination (Vaults:3)
  15 deep elf archers
  2 spriggan druids
  7 deep trolls (Vaults:4)
  2 flayed ghosts (Vaults:1)
  3 glowing orange brains
  2 unseen horrors
  A shadow wraith (Vaults:2)
  15 swamp dragons
  2 phantasmal warriors
  2 wizards (Vaults:3)
  15 ironbrand convokers
  A tengu zombie (Vaults:2)
  4 necromancers
  Pikel (D:8)
  3 wolf spider zombies (D:15)
  15 orc knights
  24 orb spiders
  37 wolf spiders
  14 ugly things
  44 deep elf magi
  11 cyclopes
  A human zombie (Vaults:2)
  3 manticores
  10 orc sorcerers
  6 elephants (Lair:6)
  A moth of wrath (Spider:2)
  4 centaur zombies (D:15)
  3 ice statues (IceCv)
  A fire giant skeleton (Vaults:3)
  9 vault sentinels
  Maurice (D:8)
  6 black mambas
  4 torpor snails
  3 guardian serpents (Desolation)
  A rime drake (shapeshifter) (Vaults:2)
  20 spiny frogs
  20 demonic crawlers
  An efreet (D:14)
  A rime drake (Lair:6)
  30 yaktaurs
  7 komodo dragons
  An entropy weaver simulacrum (Vaults:2)
  10 ice devils (IceCv)
  A tengu conjurer (D:14)
  9 freezing wraiths
  11 trolls
  11 polar bears
  A human skeleton (Vaults:2)
  32 jumping spiders
  8 meliai
  A wind drake (shapeshifter) (D:6)
  11 blink frogs
  12 tyrant leeches
  5 raiju (Lair:6)
  34 saltlings (Desolation)
  21 bog bodies
  45 slime creatures
  28 hornets
  A stone giant simulacrum (Vaults:3)
  Grinder (D:3)
  14 dream sheep
  2 human simulacra (Vaults:2)
  A harpy skeleton (D:13)
  12 hippogriffs
  2 meliai zombies
  59 redbacks
  4 shadows
  15 spriggans
  10 water elementals
  3 air elementals
  24 tarantellas
  A vampire (D:15)
  6 wraiths
  53 yaks
  6 wyverns
  2 fire elementals
  3 basilisks
  33 vampire mosquitoes
  3 hungry ghosts
  15 swamp worms
  16 insubstantial wisps
  9 wargs
  A soldier ant (shapeshifter) (Elf:1)
  12 water moccasins
  7 acid dragons
  12 hell hounds (Lair:6)
  9 porcupines
  15 swamp drakes
  4 ice beasts
  A black bear (shapeshifter) (Vaults:2)
  29 orc warriors
  A hornet zombie (D:15)
  5 sky beasts
  16 black bears
  A meliai simulacrum (D:14)
  2 necrophages
  2 eyes of draining
  6 phantoms
  20 centaurs
  20 wolves (Lair:6)
  18 ogres
  An elf skeleton (Vaults:3)
  6 boggarts
  17 crocodiles
  A crocodile (shapeshifter) (Vaults:3)
  Blork the orc (D:5)
  A wyvern zombie (D:15)
  17 bullfrogs
  A glowing shapeshifter simulacrum (Vaults:2)
  3 earth elementals
  A gnoll sergeant (D:9)
  3 scorpions
  A water moccasin skeleton (D:9)
  4 troll zombies (D:9)
  4 killer bees (D:10)
  8 wights
  6 electric eels
  A howler monkey (D:5)
  6 crimson imps
  2 quasits
  3 bullfrog zombies
  A draconian simulacrum (IceCv)
  20 orc priests
  2 jellies
  6 bullfrog skeletons
  8 centaur skeletons
  6 hounds
  47 orc wizards
  6 iguanas
  13 worker ants
  A spriggan simulacrum (IceCv)
  A troll simulacrum (IceCv)
  3 centaur simulacra (IceCv)
  4 ogre zombies (D:9)
  2 hound skeletons
  A hound zombie (D:5)
  A mummy (D:15)
  A howler monkey zombie (D:11)
  3 worker ant zombies
  8 gnolls
  11 adders
  2 naga simulacra (IceCv)
  3 ogre simulacra
  4 shadow imps
  2 adder zombies
  A worm (D:2)
  4 dart slugs
  5 leopard geckos
  96 orcs
  2 ball pythons
  6 bats
  10 giant cockroaches
  3 goblins
  7 hobgoblins
  8 jackals
  3 quokkas
  9 frilled lizards
  4 goblin skeletons (D:9)
  3 goblin zombies (D:9)
  2 hobgoblin skeletons (D:9)
  2 hobgoblin zombies (D:9)
  A jackal zombie (D:5)
  10 kobolds
  A leopard gecko skeleton (D:4)
  2 leopard gecko zombies
  5 orc skeletons
  11 orc zombies
  A quokka skeleton (D:5)
  A quokka zombie (D:8)
  6 rats
  3 briar patches (Swamp:2)
  12 pillars of salt (Vaults:3)
  8 plants
1814 creatures vanquished.

Vanquished Creatures (others)
  An alligator (Swamp:4)
  A spriggan druid (Swamp:4)
  3 deep elf archers
  7 yaktaurs
  A meliai (Spider:2)
  A slime creature (Swamp:4)
  A water elemental (D:14)
  A wraith (Vaults:1)
  A spriggan (Swamp:4)
  A slave (D:8)
  A bullfrog (D:8)
  An orc priest (D:14)
  An orc wizard (D:10)
  A briar patch (Swamp:2)
  29 fungi
  43 plants
  7 withered plants (D:15)
101 creatures vanquished.

Grand Total: 1915 creatures vanquished

Notes
Turn   | Place    | Note
-------+----------+-------------------------------------------
     0 | D:1      | Peloso the Minotaur Fighter began the quest for the Orb.
     0 | D:1      | Reached XP level 1. HP: 19/19 MP: 0/0
   125 | D:1      | Reached skill level 4 in Shields
   151 | D:1      | Reached XP level 2. HP: 19/27 MP: 0/1
   578 | D:1      | Reached XP level 3. HP: 33/33 MP: 2/2
  1051 | D:2      | Reached XP level 4. HP: 40/40 MP: 3/3
  1173 | D:2      | Reached skill level 5 in Shields
  1483 | D:3      | Noticed Grinder
  1512 | D:3      | Killed Grinder
  1512 | D:3      | Reached skill level 6 in Shields
  1512 | D:3      | Reached XP level 5. HP: 19/46 MP: 4/4
  1512 | D:3      | Reached XP level 6. HP: 21/52 MP: 5/5
  1582 | D:3      | Found a transporter.
  1606 | D:3      | Found a transporter.
  1676 | D:3      | Found a faded altar of an unknown god.
  2223 | D:4      | Found an iron altar of Okawaru.
  2229 | D:4      | Became a worshipper of Warmaster Okawaru
  2248 | D:4      | Reached skill level 5 in Armour
  2645 | D:4      | Reached skill level 5 in Long Blades
  2673 | D:4      | Reached * piety under Okawaru
  2673 | D:4      | Reached XP level 7. HP: 44/60 MP: 6/6
  2790 | D:4      | Found a radiant altar of Vehumet.
  2791 | D:4      | Found a burning altar of Makhleb.
  2800 | D:4      | Reached skill level 1 in Stealth
  2881 | D:4      | Found an iron altar of Okawaru.
  3065 | D:5      | Entered Level 5 of the Dungeon
  3104 | D:5      | Reached skill level 7 in Shields
  3170 | D:5      | Reached skill level 5 in Fighting
  3274 | D:5      | Reached ** piety under Okawaru
  3310 | D:5      | Noticed Blork the orc
  3358 | D:5      | Reached XP level 8. HP: 68/68 MP: 7/7
  3361 | D:5      | Found a staircase to the Ecumenical Temple.
  3405 | D:5      | Killed Blork the orc
  3684 | D:5      | Reached skill level 8 in Shields
  4086 | D:6      | Found Hiniss's Antique Armour Boutique.
  4254 | D:6      | Reached *** piety under Okawaru
  4270 | D:6      | Noticed a polar bear
  4271 | D:6      | Noticed a wind drake
  4271 | D:6      | a polar bear changed into a wind drake
  4287 | D:6      | Killed a wind drake
  4287 | D:6      | Reached XP level 9. HP: 63/75 MP: 8/8
  4577 | D:7      | Noticed a manticore
  4590 | D:7      | Killed a manticore
  4590 | D:7      | Reached skill level 1 in Dodging
  4590 | D:7      | Reached skill level 9 in Shields
  4781 | D:7      | Found Kagiun's Antique Armour Boutique.
  4854 | D:7      | Reached skill level 10 in Long Blades
  4953 | D:7      | Reached **** piety under Okawaru
  5253 | D:8      | Noticed Maurice
  5276 | D:8      | Killed Maurice
  5276 | D:8      | Reached skill level 10 in Shields
  5377 | D:8      | Found a staircase to the Lair.
  5629 | D:8      | Noticed Pikel
  5658 | D:8      | Killed Pikel
  5658 | D:8      | Reached XP level 10. HP: 77/84 MP: 9/9
  5847 | D:8      | Reached ***** piety under Okawaru
  6452 | D:9      | Found a hide-covered altar of Uskayaw.
  6452 | D:9      | Found an ornate altar of the Wu Jian Council.
  6452 | D:9      | Found a blossoming altar of Fedhas.
  6525 | D:9      | You fall into a shaft and drop 1 floor!
  6525 | D:10     | Entered Level 10 of the Dungeon
  6632 | D:10     | Found a shimmering blue altar of Sif Muna.
  7038 | D:10     | Found a shattered altar of Ashenzari.
  7611 | D:9      | Reached skill level 11 in Shields
  7810 | D:9      | Found a staircase to the Orcish Mines.
  7838 | D:9      | Received a gift from Okawaru
  7944 | D:9      | Got an ancient scimitar {god gift}
  7945 | D:9      | Identified the +11 scimitar of the Final Decision {freeze,
                  | Str+3} (Okawaru gifted it to you on level 9 of the Dungeon)
  8108 | D:11     | Noticed a cyclops
  8108 | D:11     | Noticed a cyclops
  8320 | D:11     | Killed a cyclops
  8320 | D:11     | Reached XP level 11. HP: 92/95 MP: 7/10
  8446 | D:11     | Noticed Fannar
  8480 | D:11     | Killed Fannar
  8731 | D:11     | Noticed a purple ugly thing
  8736 | D:11     | Killed a purple ugly thing
  8736 | D:11     | Received a gift from Okawaru
  8813 | D:11     | Reached skill level 12 in Shields
  9414 | D:12     | Found Becaib's Gadget Shop.
  9441 | D:12     | Noticed a red ugly thing
  9452 | D:12     | Killed a red ugly thing
  9453 | D:12     | Reached ****** piety under Okawaru
  9558 | D:12     | Received a gift from Okawaru
  9725 | Lair:1   | Entered Level 1 of the Lair of Beasts
  9751 | Lair:1   | Reached skill level 10 in Fighting
  9802 | Lair:1   | Reached XP level 12. HP: 104/106 MP: 11/11
 10250 | Lair:1   | Found a runed translucent gate.
 10262 | Lair:1   | Found a runed translucent gate.
 10262 | Lair:1   | Found a runed translucent gate.
 10262 | Lair:1   | Noticed mmigdal's ghost (journeyman TrWz)
 10277 | Lair:1   | Reached skill level 13 in Shields
 10503 | Lair:1   | Killed mmigdal's ghost
 10783 | Lair:2   | Received a gift from Okawaru
 11137 | Lair:2   | Noticed a seven-headed hydra
 11137 | Lair:2   | Noticed a five-headed hydra
 11156 | Lair:2   | Killed a seven-headed hydra
 11177 | Lair:2   | Killed a five-headed hydra
 11177 | Lair:2   | Reached skill level 1 in Invocations
 11287 | Lair:2   | Reached skill level 1 in Maces & Flails
 11299 | Lair:2   | Reached skill level 14 in Shields
 11329 | Lair:2   | Found a hole to the Spider Nest.
 11799 | Lair:3   | Received a gift from Okawaru
 11799 | Lair:3   | Reached skill level 15 in Long Blades
 11801 | Lair:3   | Reached skill level 10 in Armour
 12159 | Lair:3   | Found a staircase to the Swamp.
 12190 | Lair:3   | Reached XP level 13. HP: 116/116 MP: 13/13
 12743 | Lair:4   | Noticed Urug
 12759 | Lair:4   | Killed Urug
 12883 | Lair:4   | Reached skill level 15 in Shields
 13049 | Lair:4   | Noticed Snorg
 13056 | Lair:4   | Killed Snorg
 14103 | D:13     | Received a gift from Okawaru
 14116 | D:13     | You fall into a shaft and drop 2 floors!
 14116 | D:15     | Entered Level 15 of the Dungeon
 14588 | D:15     | Reached skill level 16 in Shields
 14588 | D:15     | Reached XP level 14. HP: 35/127 MP: 15/15
 14962 | D:15     | Noticed a ghoul
 14984 | D:15     | Killed a ghoul
 15078 | D:15     | Found a staircase to the Depths.
 15435 | D:15     | Noticed a ghoul
 15454 | D:15     | Killed a ghoul
 15502 | D:15     | Noticed a ghoul
 15511 | D:15     | Killed a ghoul
 15517 | D:15     | Received a gift from Okawaru
 15572 | D:15     | Noticed a ghoul
 15588 | D:15     | Killed a ghoul
 16193 | D:14     | Reached skill level 17 in Shields
 16555 | D:14     | Received a gift from Okawaru
 17285 | D:14     | Found Vips's Distillery.
 17288 | D:14     | Bought a potion of berserk rage for 75 gold pieces
 17288 | D:14     | Bought a potion of berserk rage for 75 gold pieces
 17873 | D:13     | Found a gate to the Vaults.
 18084 | Orc:1    | Entered Level 1 of the Orcish Mines
 18105 | Orc:1    | Reached XP level 15. HP: 118/138 MP: 16/16
 18625 | Orc:2    | Entered Level 2 of the Orcish Mines
 19298 | Orc:2    | Found a staircase to the Elven Halls.
 19674 | Orc:2    | Paralysed by an orc sorcerer for 3 turns
 19684 | Orc:2    | Paralysed by an orc sorcerer for 2 turns
 19743 | Orc:2    | Found an ancient bone altar of Kikubaaqudgha.
 19783 | Orc:2    | Reached skill level 18 in Shields
 19797 | Orc:2    | Found Okuyrus's Gadget Emporium.
 19845 | Orc:2    | Found a roughly hewn altar of Beogh.
 19845 | Orc:2    | Found Kodopu's Antique Armour Shoppe.
 19891 | Orc:2    | Found Kosahuc's Distillery.
 19893 | Orc:2    | Bought a shimmering chain mail for 237 gold pieces
 19902 | Orc:2    | Bought a potion of mutation for 88 gold pieces
 19917 | Orc:2    | Found a radiant altar of Vehumet.
 19934 | Orc:2    | Found Yptioqao's Antique Armour Shoppe.
 20000 | Orc:2    | Identified the +1 chain mail of Inviolability {-Tele Int+4
                  | Dex+4} (You bought it in a shop on level 2 of the Orcish
                  | Mines)
 20303 | Lair:5   | Received a gift from Okawaru
 20409 | Lair:5   | Found a frozen archway.
 20424 | IceCv    | Entered an ice cave
 20428 | IceCv    | Identified 2 scrolls of acquirement
 20772 | IceCv    | Found the +6 shillelagh "Devastator" {shatter}
 21179 | Lair:5   | Found a viscous altar of Jiyva.
 21202 | Lair:5   | Found a staircase to the Slime Pits.
 21583 | Lair:6   | Entered Level 6 of the Lair of Beasts
 22189 | Lair:6   | Received a gift from Okawaru
 22329 | Lair:6   | Reached skill level 19 in Shields
 23002 | Lair:6   | Reached skill level 15 in Fighting
 23087 | Lair:6   | Reached XP level 16. HP: 88/149 MP: 17/17
 23603 | Swamp:1  | Entered Level 1 of the Swamp
 23669 | Swamp:1  | Paralysed by a hornet for 1 turns
 24149 | Swamp:1  | Received a gift from Okawaru
 24739 | Swamp:2  | Reached skill level 5 in Dodging
 25519 | Swamp:2  | Noticed a thorn hunter
 25531 | Swamp:2  | Killed a thorn hunter
 26097 | Swamp:3  | Reached skill level 20 in Shields
 26148 | Swamp:3  | Received a gift from Okawaru
 26168 | Swamp:3  | Got a bloodstained hat {god gift}
 26189 | Swamp:3  | Identified the +1 hat of Negation {rPois Str+5 Int+4}
                  | (Okawaru gifted it to you on level 3 of the Swamp)
 26451 | Swamp:3  | Found a runed translucent gate.
 26451 | Swamp:3  | Found a runed translucent gate.
 26451 | Swamp:3  | Found a runed translucent gate.
 26456 | Swamp:3  | Noticed Curus's ghost (adept MiBe)
 26482 | Swamp:3  | Killed Curus's ghost
 27253 | Spider:1 | Entered Level 1 of the Spider Nest
 27368 | Spider:1 | Reached XP level 17. HP: 126/158 MP: 18/18
 27819 | Spider:1 | Identified a +2 pair of boots of running (You found it on
                  | level 1 of the Spider Nest)
 27984 | Spider:2 | Received a gift from Okawaru
 28533 | Spider:2 | Reached skill level 21 in Shields
 28576 | Spider:2 | Noticed Arachne
 28599 | Spider:2 | Killed Arachne
 30308 | Spider:3 | Received a gift from Okawaru
 30670 | Spider:4 | Entered Level 4 of the Spider Nest
 31964 | Spider:4 | Received a gift from Okawaru
 32095 | Spider:4 | Got a pair of steaming boots {god gift}
 32264 | Spider:4 | Identified the +4 pair of boots "Nemurim" {MR+ Str+3
                  | Stlth-} (Okawaru gifted it to you on level 4 of the Spider
                  | Nest)
 32307 | Spider:4 | Reached XP level 18. HP: 159/169 MP: 19/19
 32320 | Spider:4 | Reached skill level 22 in Shields
 32322 | Spider:4 | Reached skill level 15 in Armour
 32996 | Spider:4 | Got a gossamer rune of Zot
 33258 | Swamp:4  | Entered Level 4 of the Swamp
 33394 | Swamp:4  | Received a gift from Okawaru
 33518 | Swamp:4  | Noticed Aizul
 33532 | Swamp:4  | Noticed the 27-headed Lernaean hydra
 34006 | Swamp:4  | Killed Aizul
 34418 | Swamp:4  | Killed the 24-headed Lernaean hydra
 34418 | Swamp:4  | Received a gift from Okawaru
 34418 | Swamp:4  | Reached skill level 23 in Shields
 34435 | Swamp:4  | Got a slimy scimitar {god gift}
 34436 | Swamp:4  | Identified the +4 scimitar of the Special Eyes {slice,
                  | Int+4} (Okawaru gifted it to you on level 4 of the Swamp)
 34447 | Swamp:4  | Got a shimmering scimitar
 34448 | Swamp:4  | Identified the +11 scimitar "Myshurop" {drain, +Rage Dex+3
                  | Stlth+} (You found it on level 4 of the Swamp)
 34470 | Swamp:4  | Got a decaying rune of Zot
 34527 | Swamp:4  | Got a pair of brightly glowing gloves
 34538 | Swamp:4  | Identified the +1 pair of gloves of Divine Compulsion
                  | {Str-4 Int+2 Stlth+} (You found it on level 4 of the Swamp)
 35803 | Elf:1    | Entered Level 1 of the Elven Halls
 35804 | Elf:1    | Noticed Jorgrun
 35823 | Elf:1    | Killed Jorgrun
 36322 | Elf:1    | HP: 2/171 [deep elf knight/stone arrow (34)]
 36738 | Elf:1    | Noticed an Ice Fiend
 36865 | Elf:1    | Noticed an Ice Fiend
 36867 | Elf:1    | Received a gift from Okawaru
 36908 | Elf:1    | Got a warped short sword {god gift}
 36909 | Elf:1    | Identified the +6 short sword of Success {freeze, *Contam
                  | rElec Int+4} (Okawaru gifted it to you on level 1 of the
                  | Elven Halls)
 37488 | Elf:1    | Found a runed translucent gate.
 37488 | Elf:1    | Found a runed translucent gate.
 37489 | Elf:1    | Found a runed translucent gate.
 37489 | Elf:1    | Noticed Rili Hei's ghost (veteran MiBe)
 37491 | Elf:1    | Found an iron altar of Okawaru.
 37499 | Elf:1    | Reached XP level 19. HP: 154/178 MP: 20/20
 37668 | Elf:1    | Identified the +5 lajatang of the Elven Halls {slice, MR-
                  | Int+7 Dex+8}
 37676 | Elf:1    | Found a runed translucent gate.
 37676 | Elf:1    | Found a runed translucent gate.
 37676 | Elf:1    | Found a runed translucent gate.
 37676 | Elf:1    | Found a runed translucent gate.
 37676 | Elf:1    | Found a runed translucent gate.
 37678 | Elf:1    | Found a runed translucent gate.
 38402 | Elf:2    | Found a large runed translucent door.
 38402 | Elf:2    | Found a large runed translucent door.
 38427 | Elf:2    | Found a large runed translucent door.
 38427 | Elf:2    | Found a large runed translucent door.
 39306 | Elf:3    | Entered Level 3 of the Elven Halls
 39341 | Elf:3    | Received a gift from Okawaru
 39804 | Orc:2    | Bought a potion of berserk rage for 55 gold pieces
 39804 | Orc:2    | Bought a potion of curing for 33 gold pieces
 40044 | Vaults:1 | Entered Level 1 of the Vaults
 40763 | Vaults:1 | Reached skill level 24 in Shields
 40789 | Vaults:1 | Paralysed by a sphinx for 4 turns
 40828 | Vaults:1 | You fall into a shaft and drop 1 floor!
 40844 | Vaults:2 | Got a heavily runed scale mail
 41094 | Vaults:2 | Found Kus Xaha's Magic Scroll Shoppe.
 41102 | Vaults:2 | Bought a scroll of acquirement for 1144 gold pieces
 41107 | Vaults:2 | Got a warped long sword
 41108 | Vaults:2 | Identified the +0 long sword of Destiny {pain, *Slow Str+4
                  | Int+4 SInv} (You acquired it on level 2 of the Vaults)
 41121 | Vaults:2 | Identified the +6 scale mail of Sloth {+Inv rPois rN+ MR+}
                  | (You found it on level 2 of the Vaults)
 41464 | Vaults:2 | Received a gift from Okawaru
 41572 | Vaults:2 | Reached XP level 20. HP: 160/189 MP: 22/22
 42223 | Vaults:1 | Received a gift from Okawaru
 43040 | Vaults:3 | Found a ruined gateway.
 43104 | Desolati | Entered the Desolation of Salt
 43387 | Desolati | Reached skill level 25 in Shields
 43992 | Desolati | Identified Mesmiep's Grimoire of Assistive Lightness
 44005 | Desolati | Got a brightly glowing great sword
 44006 | Desolati | Identified the +7 great sword of the Thirsty Mice {holy,
                  | rPois Dex+3} (You found it in the Desolation of Salt)
 44656 | Desolati | Got a fine iron ring
 44657 | Desolati | Identified the ring of Tomorrow {Ice +Fly rPois Dex+2} (You
                  | found it in the Desolation of Salt)
 44659 | Desolati | Identified the Compendium of Spatial Confrontation
 44672 | Desolati | Got an ancient war axe
 44673 | Desolati | Identified the +8 war axe "ETAOIN SHRDLU" {freeze, Dex+3}
                  | (You found it in the Desolation of Salt)
 44807 | Desolati | Got a smelly chain mail
 44810 | Desolati | Got a faintly glowing graven amulet
 44824 | Desolati | Identified the amulet "Uduotux" {+Rage Int+5} (You found it
                  | in the Desolation of Salt)
 44825 | Desolati | Identified the cursed +0 chain mail "Wenypojem" {rPois rF+}
                  | (You found it in the Desolation of Salt)
 44851 | Desolati | Identified the Grimoire of Hairiness
 45907 | Elf:1    | Killed Rili Hei's ghost
 45986 | Elf:1    | Got an ebony battleaxe
 45987 | Elf:1    | Identified the +12 battleaxe "Worm's Wrath" {chop, +Rage
                  | MR+ Dex+2 SInv} (You found it on level 1 of the Elven
                  | Halls)
 46354 | Elf:3    | Gained mutation: Armour fits poorly on your strangely
                  | shaped body. [a cacodemon]
 46367 | Elf:3    | Received a gift from Okawaru
 46401 | Elf:3    | Got a slimy hat {god gift}
 46412 | Elf:3    | Identified the +0 hat of Moral Flaws {Int+3} (Okawaru
                  | gifted it to you on level 3 of the Elven Halls)
 46713 | Elf:3    | Identified the +2 acid dragon scales of Duntaap {rC+ rCorr}
 46715 | Elf:3    | Identified the ring "Zoef" {*Slow rPois rF++ rN+ Dex+3}
 47100 | Elf:3    | Reached XP level 21. HP: 109/199 MP: 23/23
 47965 | Elf:3    | Identified the +5 short sword of Zin's Brutal Revenge
                  | {pierce, SInv}
 47968 | Elf:3    | Identified the +7 fire dragon scales of the True Pharaoh
                  | {rElec rF++ rC- rN+ Int+4}
 47968 | Elf:3    | Identified the ring "Wimn" {rN++ Str+4 Dex+5 Stlth+}
 47968 | Elf:3    | Noticed Asterion
 47990 | Elf:3    | Killed Asterion
 48008 | Elf:3    | Identified the +4 hand axe of the Immovable Souls {venom,
                  | rF+ MR+}
 48495 | Elf:3    | Got a pair of faintly humming boots
 48883 | Elf:3    | Received a gift from Okawaru
 48886 | Elf:3    | Got an ichor-stained falchion {god gift}
 48887 | Elf:3    | Identified the +10 falchion "Zaduceit" {protect, rF+++
                  | Str-3 Int+7 Dex-3} (Okawaru gifted it to you on level 3 of
                  | the Elven Halls)
 49554 | Lair:1   | Identified the cursed +0 pair of boots of the Thirteen
                  | Beggars {Str+3 Slay+2} (You found it on level 3 of the
                  | Elven Halls)
 50040 | Vaults:3 | Found a staircase to the Crypt.
 50040 | Vaults:3 | Found an ancient bone altar of Kikubaaqudgha.
 50041 | Vaults:3 | Found a basalt altar of Yredelemnul.
 50047 | Vaults:3 | Reached skill level 26 in Shields
 50164 | Vaults:3 | Reached skill level 5 in Invocations
 50342 | Vaults:3 | Noticed Boris
 50372 | Vaults:3 | Killed Boris
 51340 | Vaults:3 | Received a gift from Okawaru
 51346 | Vaults:3 | Got a pair of translucent boots {god gift}
 51944 | Vaults:3 | Identified the +2 pair of boots "Poweskynib" {rC++ Str+2}
                  | (Okawaru gifted it to you on level 3 of the Vaults)
 52074 | Vaults:4 | Noticed Frederick
 52088 | Vaults:4 | Killed Frederick
 52156 | Vaults:4 | Paralysed by a sphinx for 3 turns
 52761 | Vaults:4 | Noticed Bai Suzhen
 52778 | Vaults:4 | Killed Bai Suzhen
 52778 | Vaults:4 | Received a gift from Okawaru
 52787 | Vaults:4 | Reached XP level 22. HP: 61/209 MP: 24/24
 52793 | Vaults:4 | Paralysed by a great orb of eyes for 5 turns
 52796 | Vaults:4 | HP: 9/209 [tengu reaver/+0 battleaxe of chopping (3)]
 52796 | Vaults:4 | HP: 3/209 [tengu reaver/+0 battleaxe of chopping (6)]
 52797 | Vaults:4 | Slain by a vault warden

Levels and vault maps discovered:
D:1:      tarquinn_simple_flora_water_e, layout_loops_ring, minmay_tripent
D:2:      layout_basic, minmay_pentomino_w2
D:3:      gammafunk_steamed_eel, layout_basic,
          chequers_ecumenical_altar_simple_redux, serial_bayou_ford_a,
          chequers_serial_rivers_micro_c, uniq_grinder
D:4:      layout_basic, grunt_temple_overflow_lords_of_destruction,
          nicolae_overflow_hidden_temple, lemuel_round_altar,
          okawaru_metal_pillars_3
D:5:      layout_gridville, minmay_temple_entry_drinking_statues, first_ration,
          uniq_blork_the_orc
D:6:      layout_cave_pools, serial_shops, nicolae_shop_crystal,
          minmay_three_doors
D:7:      layout_basic, serial_shops, kennysheep_little_box,
          kennysheep_generic_room_13
D:8:      layout_layer_cave, dpeg_oklobed_lair, uniq_maurice, uniq_pikel
D:9:      layout_cave_pools, chequers_temple_overflow_statue_of_worship,
          zombieorc2_lemuel, the_bakery
D:10:     kennysheep_orc_sif_temple, layout_cave_pods, basic_altar,
          minmay_misc_feat_ornament
D:11:     layout_roguey, serial_glass, glass_columns_b, glass_columns_a,
          uniq_fannar
D:12:     layout_roguey, serial_shops,
          nicolae_shop_temple_entry_statues_fountains
D:13:     layout_big_octagon, hangedman_vaults_entry_quadrant_bands,
          minivault_24
D:14:     layout_loops_ring, serial_shops, kennysheep_mini_moat, serial_bayou,
          serial_bayou_lake_a, serial_bayou_pond_c, serial_bayou_pond_c,
          serial_bayou_pond_a, corner_web_ring
D:15:     grunt_enter_depths_snipers, layout_basic, hangedman_decor_slide_cut,
          serial_undead, serial_undead_a, serial_undead_e, serial_undead_f,
          serial_undead_e, serial_undead_c, serial_undead_a, serial_undead_e,
          serial_undead_c, serial_undead_e, serial_undead_b
Lair:1:   layout_regular_city, ebering_ghost_rock_garden
Lair:2:   layout_cave_shapes, dummy_spider_entry, grunt_megastairs_1
Lair:3:   layout_cave_shapes, minmay_swamp_entry_swarm
Lair:4:   layout_cave_pods, fungi_pond_lemuel, minmay_stone_trees_small,
          beast_lair_carwin_1, uniq_urug, uniq_snorg
Lair:5:   layout_gridlike, slime_altar_1, portal_ice_cave_entry_pillars_1,
          serial_bayou_lagoon_a, grunt_megastairs_3
Lair:6:   hangedman_lair_caniforms_friends, layout_loops_ring,
          guppyfry_lair_end_dragon
Swamp:1:  layout_basic_swamp, evilmike_swamp_ruin_house_5
Swamp:2:  layout_basic_swamp, evilmike_swamp_ruin_house_4,
          infiniplex_staircase_pool
Swamp:3:  cheibrodos_swamp_heart_of_darkness, layout_basic_swamp,
          ebering_ghost_rock_garden, nicolae_swamp_round_clearing
Swamp:4:  grunt_swamp_rune_castle, layout_basic_swamp,
          infiniplex_staircase_pool_2, uniq_aizul
Spider:1: layout_spider_delve
Spider:2: layout_spider_delve, uniq_arachne
Spider:3: layout_chambers
Spider:4: guppyfry_spider_rune
Orc:1:    layout_caves
Orc:2:    kennysheep_orc_mage_school, layout_caves
Elf:1:    eino_elf_arrival_sip, layout_geoelf_octagon,
          gammafunk_ghost_fury_of_okawaru, orc_legates, uniq_jorgrun
Elf:2:    layout_geoelf_diagonals
Elf:3:    grunt_elf_hall_diamonds, layout_gridlike, dk_noncrumbling_3,
          uniq_asterion
Vaults:1: nicolae_vaults_circle_grid_a, vaults_room_grid, v_rooms_2,
          vaults_dpeg_ring, layout_vaults_omnigrid
Vaults:2: vaults_mumra_bighexcomb, v_misc_14, nicolae_vaults_big_ls,
          nicolae_vaults_ninety_degrees, ontoclasm_vaults_claustrophobia,
          v_misc_16, vaults_room_fours, v_misc_14, v_misc_26,
          nicolae_vaults_three_branches, grunt_vaults_focal,
          vaults_room_door_hall, layout_vaults_omnibox, serial_shops, shop
Vaults:3: nicolae_vaults_arrows, v_alt_pattern_3, vaults_dpeg_doors,
          minmay_crypt_entry_necro_gods, ontoclasm_vaults_misaligned,
          ontoclasm_vaults_shuriken, vaults_room_fancy_cross, v_misc_24,
          vaults_room_semicircle, vaults_room_fancy_cross,
          nicolae_vaults_little_squares_4, vaults_room_pool,
          layout_vaults_big_cross, portal_desolation_entry_garden, uniq_boris
Vaults:4: hangedman_vaults_hat, nicolae_vaults_big_angled_halls,
          nicolae_vaults_diagonal_hallway_6, ontoclasm_vaults_gateway,
          nicolae_vaults_ring_of_whatevers, nicolae_vaults_angled_halls,
          vaults_room_pools, nicolae_vaults_little_squares_2, v_misc_15,
          nicolae_vaults_murderbox, ontoclasm_vaults_fault,
          vaults_room_semicircle, v_misc_12, layout_vaults_ring, uniq_frederick,
          uniq_donald, uniq_bai_suzhen

Skill      XL: |  1  2  3  4  5  6  7  8  9 10 11 12 13 14 15 16 17 18 19 20 21 |
---------------+----------------------------------------------------------------+-----
Shields        | 4 6 7 8 10 11 12 14 16 17 19 20 21 23 24 25 26 | 26.9
Fighting       | 4 5 6 8 10 11 12 14 15 16 17 18 19 20 | 20.2
Armour         | 4 5 6 7 8 10 11 12 13 14 15 16 17 | 17.9
Long Blades    | 4 5 6 9 11 12 14 15 16 17 18 19 20 21 | 21.4
Stealth        | 1 2 3 |  3.2
Dodging        | 1 2 3 4 6 7 |  7.4
Invocations    | 2 3 4 5 |  5.0
Maces & Flails | 1 3 |  3.4
Evocations     | |  0.7

Action                   |  1- 3 |  4- 6 |  7- 9 | 10-12 | 13-15 | 16-18 | 19-21 | 22-24 || total
-------------------------+-------+-------+-------+-------+-------+-------+-------+-------++-------
Melee: Long sword        |    97 |    93 |   341 |   329 |       |       |       |       ||   860
       Headbutt          |    13 |    19 |    78 |   180 |   325 |   477 |   494 |     2 ||  1588
       Scimitar          |       |       |       |   350 |  1149 |  1402 |  1381 |     5 ||  4287
       Whip              |       |       |       |    18 |    28 |       |       |       ||    46
       Demon blade       |       |       |       |       |       |    46 |       |       ||    46
Invok: Heroism           |       |       |     2 |     5 |     6 |     4 |    15 |     1 ||    33
       Finesse           |       |       |       |     2 |     1 |       |     4 |       ||     7
Evoke: Wand              |       |       |     4 |       |       |     4 |     1 |       ||     9
  Use: Potion            |     5 |       |     3 |       |     1 |     5 |     5 |       ||    19
       Scroll            |       |       |     4 |    11 |    13 |    10 |    16 |       ||    54
 Stab: Confused          |       |       |       |       |       |     4 |       |       ||     4
       Sleeping          |       |       |       |       |       |       |     2 |       ||     2
  Eat: Chunk             |       |     6 |     9 |    20 |    34 |    37 |    31 |       ||   137
       Ration            |       |       |       |     1 |     1 |     3 |     5 |       ||    10
Armor: Scale mail        |     9 |       |       |       |       |       |       |       ||     9
       Chain mail        |    22 |       |       |       |       |       |       |       ||    22
       Plate armour      |    35 |    49 |   267 |   305 |   538 |    21 |       |       ||  1215
       Swamp dragon scal |       |       |       |       |       |   100 |       |       ||   100
       Crystal plate arm |       |       |       |       |       |   802 |   288 |       ||  1090
       Fire dragon scale |       |       |       |       |       |       |   126 |     3 ||   129
Dodge: Dodged            |    24 |    14 |    99 |   138 |   356 |   553 |   390 |     1 ||  1575
Block: Shield            |    54 |    49 |   259 |   424 |  1015 |  1730 |  1445 |     5 ||  4981
       Reflection        |       |       |       |       |       |    29 |   144 |       ||   173
       Rpst.: Long sword |     6 |     6 |    19 |    16 |       |       |       |       ||    47
       Scimitar          |       |       |       |    20 |    63 |    95 |    73 |     1 ||   252
       Demon blade       |       |       |       |       |       |     2 |       |       ||     2
